 Dungeon Crawl Stone Soup version 0.30.0-19-g36f170ea60 (webtiles) character file.

Game seed: 7229122620804020774

1542 MacCMillion the Zephyrmancer (level 8, -2/46 HPs)
             Began as a Tengu Air Elementalist on May 30, 2023.
             Was a Follower of Vehumet.
             Killed by their own static electricity (5 damage)
             ... on level 6 of the Dungeon.
             The game lasted 00:09:03 (6581 turns).

MacCMillion the Zephyrmancer (TeAE)                 Turns: 6581, Time: 00:09:04

Health: -2/46      AC:  2    Str:  9    XL:     8   Next: 87%
Magic:  9/15       EV: 16    Int: 17    God:    Vehumet [*.....]
Gold:   229        SH:  0    Dex: 15    Spells: 5/15 levels left

rFire   . . .        l - staff of conjuration
rCold   . . .        (no shield)
rNeg    . . .        a - +0 robe
rPois   .            (helmet restricted)
rElec   .            (no cloak)
rCorr   .            (no gloves)
SInv    .            (boots unavailable)
Will    .....        k - amulet of regeneration
Stlth   ++           (no ring)
HPRegen 1.07/turn    (no ring)
MPRegen 0.14/turn

%: no passive effects
@: flying quickly and evasively, quick
A: beak, talons 3, nimble flight
a: Renounce Religion


You were on level 6 of the Dungeon.
You worshipped Vehumet.
Vehumet was aware of your devotion.
You visited 2 branches of the dungeon, and saw 7 of its levels.

You collected 229 gold pieces.

Inventory:

Hand Weapons
 g - a +0 dagger
Armour
 a - a +0 robe (worn)
Magical Staves
 l - a staff of conjuration (weapon)
Jewellery
 k - an amulet of regeneration (around neck)
 s - a ring of fire
Scrolls
 c - 7 scrolls of identify {unknown}
 e - 4 scrolls of noise {unknown}
 m - a scroll of poison {unknown}
 p - a scroll of teleportation {unknown}
 q - a scroll of magic mapping {unknown}
 r - 2 scrolls of enchant armour {unknown}
Potions
 b - a potion of magic
 d - 2 potions of attraction {unknown}
 f - 2 potions of degeneration {unknown}
 h - 2 potions of heal wounds
 i - 4 potions of curing {unknown}
 j - a potion of invisibility {unknown}
 n - 2 potions of mutation {unknown}
 o - a potion of brilliance {unknown}


   Skills:
 + Level 3.2 Fighting
 + Level 4.4 Dodging
 - Level 2.0 Stealth
 - Level 4.0 Spellcasting
 - Level 5.0 Conjurations
 + Level 11.0 Air Magic


You had 5 spell levels left.
You knew the following spells:

 Your Spells              Type           Power      Damage    Failure   Level
a - Shock                 Conj/Air       100%       1d9       1%          1
b - Static Discharge      Conj/Air       90%        2-6/arc   1%          2
c - Swiftness             Air            40%        N/A       1%          3
d - Airstrike             Air            20%        2d(3-19)  1%          4

Your spell library contained the following spells:

 Spells                   Type           Power      Damage    Failure   Level
 Magic Dart               Conj           100%       1d8       1%          1
 Apportation              Tloc           6%         N/A       16%         1
 Freeze                   Ice            12%        1d3       16%         1
 Necrotise                Necr           12%        1d4       16%         1
 Summon Small Mammal      Summ           12%        N/A       16%         1
 Hailstorm                Conj/Ice       17%        3d6       17%         3
 Ensorcelled Hibernation  Hex/Ice        6%         N/A       24%         2
 Frozen Ramparts          Ice            6%         1d1       43%         3
 Spider Form              Tmut/Pois      3%         N/A       43%         3
 Tukima's Dance           Hex            3%         N/A       43%         3
 Anguish                  Hex/Necr       1%         N/A       83%         4
 Animate Armour           Summ/Erth      6%         N/A       83%         4
 Passage of Golubria      Tloc           3%         N/A       83%         4
 Irradiate                Conj/Tmut      8%         3d14      83%         5
 Blade Hands              Tmut           1%         N/A       99%         5
 Yara's Violent Unravell  Hex/Tmut       1%         3d3       99%         5
 Iron Shot                Conj/Erth      8%         9d3       100%        6
 Dragon Form              Tmut           1%         N/A       100%        7


Dungeon Overview and Level Annotations

Branches:
Dungeon (6/15)             Temple (1/1) D:4

Altars:
Ashenzari
Fedhas
Kikubaaqudgha
Okawaru
Ru
Trog
Vehumet
Wu Jian
Xom
Yredelemnul
The Shining One


Innate Abilities, Weirdness & Mutations

You have a beak for a mouth.
You have claws for feet.
Your magical nature lets you fly swiftly and evasively.


Message History

A centaur is nearby!
The centaur wields a +0 shortbow.
The centaur shoots an arrow.
The arrow misses you.
The centaur shoots an arrow.
The arrow hits you!
The centaur shoots an arrow.
The arrow barely misses you.
The centaur shoots an arrow.
The arrow hits you.
The centaur shoots an arrow.
The arrow completely misses you.
The centaur shoots an arrow.
The arrow hits you!
The centaur shoots an arrow.
The arrow hits you!
* * * LOW HITPOINT WARNING * * *
The centaur unwields a +0 shortbow.
The centaur hits you.
* * * LOW HITPOINT WARNING * * *
The centaur kicks you but does no damage.
Casting: Static Discharge (safe; 1% risk of failure)
Confirm with . or Enter, or press ? or * to list all spells.
You feel a surge of power!
The centaur is struck by an arc of lightning.
The centaur is moderately wounded.
You are struck by an arc of lightning.
* * * LOW HITPOINT WARNING * * *
The centaur is struck by an arc of lightning.
The centaur is moderately wounded.
The lightning grounds out.
The centaur completely misses you. The centaur misses you.
Casting: Static Discharge (safe; 1% risk of failure)
Confirm with . or Enter, or press ? or * to list all spells.
You feel a surge of power!
The centaur is struck by an arc of lightning.
The centaur is heavily wounded.
You are struck by an arc of lightning.
* * * LOW HITPOINT WARNING * * *
The lightning grounds out.
The centaur barely misses you. The centaur closely misses you.
The centaur completely misses you. x2
Casting: Static Discharge (safe; 1% risk of failure)
Confirm with . or Enter, or press ? or * to list all spells.
You feel a surge of power!
The centaur is struck by an arc of lightning!
The centaur is almost dead.
You are struck by an arc of lightning.
You die...

...............##..##...
................#..##...
............>........# .
.)...#..............#
.#..$#.#............###.
.#...# #................
.#...........).........
.....##.....$......#..
................@.## ..#
.###........c..# .##
#.......##.....
.........# #......
...#.#...# ##....
...###.## .... .# ## ...
..


You could see a centaur.

Vanquished Creatures
  2 water moccasins
  An orc warrior (D:6)
  An ice beast (D:6)
  An ogre (D:6)
  A centaur (D:5)
  2 phantoms (D:5)
  A bullfrog (D:6)
  A gnoll sergeant (D:5)
  A scorpion (D:5)
  4 orc priests
  A hound (D:5)
  A jelly (D:6)
  4 iguanas
  Jessica (D:2)
  3 orc wizards
  8 gnolls
  8 adders
  An ufetubus (D:6)
  2 worms (D:2)
  23 orcs
  7 endoplasms
  2 giant cockroaches
  7 goblins
  9 hobgoblins
  4 jackals (D:3)
  5 quokkas
  8 ball pythons
  A bat (D:3)
  5 frilled lizards
  5 kobolds
  2 rats (D:1)
122 creatures vanquished.

Notes
Turn   | Place    | Note
-------+----------+-------------------------------------------
     0 | D:1      | MacCMillion the Tengu Air Elementalist began the quest for
                  | the Orb.
     0 | D:1      | Reached XP level 1. HP: 10/10 MP: 4/4
   278 | D:1      | Reached XP level 2. HP: 15/15 MP: 4/6
  1066 | D:2      | Reached XP level 3. HP: 19/19 MP: 3/7
  1106 | D:2      | Learned a level 2 spell: Static Discharge
  1110 | D:2      | Learned a level 3 spell: Swiftness
  1328 | D:2      | Found a shimmering altar of Xom.
  1474 | D:2      | Noticed Jessica
  1476 | D:2      | Killed Jessica
  1477 | D:2      | Reached skill level 5 in Air Magic
  1477 | D:2      | Reached XP level 4. HP: 24/24 MP: 5/9
  2039 | D:3      | Gained mutation: Your magical nature lets you fly swiftly
                  | and evasively. [Tengu growth]
  2039 | D:3      | Reached XP level 5. HP: 28/28 MP: 4/10
  2746 | D:4      | Reached XP level 6. HP: 29/32 MP: 5/12
  2923 | D:4      | Found a staircase to the Ecumenical Temple.
  2933 | D:4      | Reached skill level 6 in Air Magic
  2954 | Temple   | Entered the Ecumenical Temple
  3055 | Temple   | Became a worshipper of Vehumet
  4180 | D:5      | Entered Level 5 of the Dungeon
  4224 | D:5      | Reached skill level 5 in Conjurations
  4479 | D:5      | Reached skill level 7 in Air Magic
  4554 | D:5      | Reached XP level 7. HP: 27/36 MP: 7/14
  4797 | D:5      | Reached skill level 8 in Air Magic
  5005 | D:5      | Reached skill level 9 in Air Magic
  5227 | D:5      | Reached XP level 8. HP: 41/41 MP: 7/15
  5491 | D:5      | Reached skill level 10 in Air Magic
  5683 | D:6      | Reached skill level 1 in Fighting
  5791 | D:6      | Reached * piety under Vehumet
  5791 | D:6      | Offered knowledge of Magic Dart by Vehumet.
  6486 | D:6      | Learned a level 4 spell: Airstrike
  6512 | D:6      | Reached skill level 11 in Air Magic
  6580 | D:6      | HP: 2/46 [/static electricity (5)]
  6581 | D:6      | Killed from afar by themself

Illustrated notes

Levels and vault maps discovered:
D:1:      minmay_arrival_cross, layout_basic
D:2:      layout_basic, basic_altar, uniq_jessica
D:3:      layout_basic
D:4:      layout_basic, temple_pool_b
D:5:      layout_loops_ring
D:6:      layout_cave_pools
Temple:   mainiacjoe_temple_bowtie_tessellation

Skill      XL: |  1  2  3  4  5  6  7  8 |
---------------+-------------------------+-----
Conjurations   | 2 3 4 5 |  5.0
Air Magic      | 5 7 9 11 | 11.0
Spellcasting   | 3 4 |  4.0
Fighting       | 3 |  3.2
Dodging        | 4 |  4.4
Stealth        | |  2.0

Action                     |  1- 3 |  4- 6 |  7- 9 || total
---------------------------+-------+-------+-------++-------
  Melee: Dagger            |     7 |     1 |       ||     8
         Kick              |     4 |       |     1 ||     5
         Peck              |     1 |     2 |     1 ||     4
         Staff             |       |     3 |     8 ||    11
   Cast: Shock             |    62 |    85 |    68 ||   215
         Static Discharge  |     1 |    19 |    44 ||    64
    Use: Potion            |       |       |     1 ||     1
 Armour: Robe              |     2 |     2 |     3 ||     7
  Dodge: Dodged            |     6 |    16 |    55 ||    77
